 Dungeon Crawl Stone Soup version 0.31-a0-175-g9f7f995f2b (webtiles) character file.

Game seed: 9596796608966531407

80 qw the Shooter (level 4, 0/40 HPs)
             Began as a Naga Hunter on June 16, 2023.
             Slain by Grinder (6 damage)
             ... on level 3 of the Dungeon.
             The game lasted 00:00:39 (1748 turns).

qw the Shooter (Naga Hunter)                        Turns: 1748, Time: 00:00:39

Health: 0/40       AC:  4    Str: 14    XL:     4   Next: 39%
Magic:  4/4        EV:  9    Int:  9    God:
Gold:   102        SH:  0    Dex: 16    Spells: 3/3 levels left

rFire   . . .        Y - +0 shortbow (flame)
rCold   . . .        (shield currently unavailable)
rNeg    . . .        c - +0 leather armour
rPois   +            h - +0 helmet
rElec   .            (no cloak)
rCorr   .            i - +0 pair of gloves
SInv    +            (no barding)
Will    .....        (no amulet)
Stlth   ++           (no ring)
HPRegen 0.26/turn    (no ring)
MPRegen 0.09/turn

%: no passive effects
@: about to teleport, very slow
A: AC +1, large, see invisible, deformed body, poison resistance, slowness 2,
spit poison 1, naga tail 1
a: Spit Poison


You were on level 3 of the Dungeon.
You visited 1 branch of the dungeon, and saw 3 of its levels.

You collected 102 gold pieces.


Innate Abilities, Weirdness & Mutations

Your serpentine skin is tough. (AC +1)
You have supernaturally acute eyesight. (SInv)
Armour fits poorly on your strangely shaped body.
Your system is resistant to poisons. (rPois)
You cover ground very slowly.
You can spit poison.
You have a snake-like lower body.


   Skills:
 + Level 2.6 Fighting
 - Level 5.0 Ranged Weapons
 - Level 1.5 Dodging
 - Level 1.5 Stealth


You had 3 spell levels left.
You didn't know any spells.
Your spell library was empty.

Inventory:

Hand Weapons
 Y - a +0 shortbow of flaming (weapon)
Armour
 c - a +0 leather armour (worn)
 h - a +0 helmet (worn)
 i - a +0 pair of gloves (worn)
Scrolls
 g - a scroll of identify
 k - a scroll of fear {unknown}
Potions
 a - a potion of heal wounds {unknown}
 b - a potion of enlightenment {unknown}
 d - 2 potions of attraction {unknown}
 f - 3 potions of curing
 j - a potion of berserk rage {unknown}
 l - a potion of mutation {unknown}

Dungeon Overview and Level Annotations

Branches:
Dungeon (3/15)

Altars:

Annotations:
D:3 Grinder


Message History

Enter note:
d - 2 blue potions (gained 1)
f - 3 potions of curing (gained 1) Grinder comes into view.
Enter note:
Enter note: You shoot an arrow.
The arrow hits Grinder.
The arrow burns Grinder.
Grinder shouts!
Grinder is lightly wounded.
You shoot an arrow. The arrow hits Grinder.
The arrow burns Grinder.
Grinder is moderately wounded.
Grinder blinks!
You shoot an arrow. The arrow hits Grinder.
The arrow burns Grinder.
Grinder is moderately wounded.
Grinder closely misses you.
You shoot an arrow. The arrow hits Grinder.
The arrow burns Grinder.
Grinder is heavily wounded.
Grinder gestures at you.
You struggle to resist.
Grinder hits you.
You writhe in agony.
You shoot an arrow.
The arrow hits Grinder but does no damage.
Grinder is heavily wounded.
Grinder closely misses you.
You shoot an arrow. The arrow closely misses Grinder.
Grinder closely misses you.
You shoot an arrow. The arrow hits Grinder!
The arrow burns Grinder.
Grinder is almost dead.
Grinder hits you!
You writhe in agony.
You shoot an arrow. The arrow closely misses Grinder.
Grinder hits you!
You writhe in agony.
1746 ||| READING scroll of teleportation.
As you read the scroll of teleportation, it crumbles to dust.
You feel strangely unstable. Grinder hits you but does no damage.
You shoot an arrow. The arrow closely misses Grinder.
Grinder barely misses you.
You shoot an arrow. The arrow hits Grinder.
The arrow burns Grinder.
Grinder is almost dead.
Grinder hits you.
You writhe in agony.
You die...

.... ..... ..... ####
...... #..## .... #...#
#..# ##..# ##5..#
#######..###@.#
#.............#
##....#....##...#
####.........#.####
#....#.###..... #
#####%#.....# ...##.#
#####.....#.....##.......
#.....#####............#
..########............#


You could see Grinder.

Vanquished Creatures
  2 adders
  2 dart slugs (D:1)
  8 endoplasms
  6 goblins
  4 hobgoblins
  2 jackals (D:1)
  4 quokkas
  6 ball pythons
  6 bats
  2 frilled lizards
  5 kobolds
  9 rats
56 creatures vanquished.

Notes
Turn   | Place    | Note
-------+----------+-------------------------------------------
     0 | D:1      | qw the Naga Hunter began the quest for the Orb.
     0 | D:1      | Reached XP level 1. HP: 19/19 MP: 1/1
     0 | D:1      | 0 ||| qw: Version: 0.2-a-29-g511e9b1
     0 | D:1      | 0 ||| qw: Game counter: 5771
     0 | D:1      | 0 ||| qw: Always use a shield: true
     0 | D:1      | 0 ||| qw: God list: Okawaru
     0 | D:1      | 0 ||| qw: Allow faded altars: false
     0 | D:1      | 0 ||| qw: Do Orc after D:15 true
     0 | D:1      | 0 ||| qw: Do second Lair branch before Depths: true
     0 | D:1      | 0 ||| qw: Lair rune preference: random
     0 | D:1      | 0 ||| qw: Plans: Normal
     0 | D:1      | 0 ||| PLANNING D:1-11
    16 | D:1      | 16 ||| INVOKING Spit Poison.
    42 | D:1      | 42 ||| INVOKING Spit Poison.
   111 | D:1      | 111 ||| INVOKING Spit Poison.
   129 | D:1      | 129 ||| INVOKING Spit Poison.
   131 | D:1      | Reached skill level 4 in Ranged Weapons
   131 | D:1      | Reached XP level 2. HP: 26/26 MP: 2/2
   157 | D:1      | 157 ||| INVOKING Spit Poison.
   172 | D:1      | 172 ||| INVOKING Spit Poison.
   178 | D:1      | 178 ||| INVOKING Spit Poison.
   182 | D:1      | 182 ||| INVOKING Spit Poison.
   189 | D:1      | 189 ||| INVOKING Spit Poison.
   190 | D:1      | 190 ||| INVOKING Spit Poison.
   232 | D:1      | Found a faded altar of an unknown god.
   234 | D:1      | 234 ||| INVOKING Spit Poison.
   237 | D:1      | 237 ||| INVOKING Spit Poison.
   242 | D:1      | 242 ||| INVOKING Spit Poison.
   242 | D:1      | HP: 6/26 [goblin/+0 club (3)]
   249 | D:1      | 249 ||| INVOKING Spit Poison.
   369 | D:1      | 369 ||| INVOKING Spit Poison.
   433 | D:1      | 433 ||| INVOKING Spit Poison.
   624 | D:1      | 624 ||| INVOKING Spit Poison.
   627 | D:1      | Reached XP level 3. HP: 32/32 MP: 3/3
   638 | D:1      | 638 ||| INVOKING Spit Poison.
   664 | D:1      | 664 ||| INVOKING Spit Poison.
   699 | D:1      | 699 ||| INVOKING Spit Poison.
   724 | D:1      | 724 ||| INVOKING Spit Poison.
   950 | D:1      | 950 ||| UPGRADING to +0 helmet.
   955 | D:1      | 955 ||| UPGRADING to +0 pair of gloves.
   960 | D:1      | 960 ||| DROPPING scarf of invisibility.
   961 | D:1      | 961 ||| READING 2 scrolls labelled XAALIGERIC.
   962 | D:1      | 962 ||| READING 2 scrolls labelled VIEDIU HETAUTS.
   963 | D:1      | 963 ||| DRINKING 2 silvery potions.
   964 | D:1      | 964 ||| DROPPING scroll of amnesia.
   965 | D:1      | 965 ||| DROPPING scroll of butterflies.
  1024 | D:2      | 1024 ||| INVOKING Spit Poison.
  1057 | D:2      | 1057 ||| INVOKING Spit Poison.
  1071 | D:2      | 1071 ||| INVOKING Spit Poison.
  1230 | D:2      | 1230 ||| INVOKING Spit Poison.
  1231 | D:2      | 1231 ||| INVOKING Spit Poison.
  1297 | D:2      | 1297 ||| INVOKING Spit Poison.
  1337 | D:2      | 1337 ||| INVOKING Spit Poison.
  1387 | D:2      | Reached skill level 5 in Ranged Weapons
  1407 | D:2      | 1407 ||| INVOKING Spit Poison.
  1408 | D:2      | Reached XP level 4. HP: 39/39 MP: 4/4
  1500 | D:2      | 1500 ||| READING scroll labelled ITUMUIRHECYP.
  1501 | D:2      | 1501 ||| READING scroll labelled NAKHOS ROYLA.
  1502 | D:2      | 1502 ||| READING scroll labelled FAT ZIBOCK.
  1503 | D:2      | 1503 ||| READING scroll labelled ECUCRI WOWET.
  1506 | D:2      | 1506 ||| DRINKING 2 viscous amethyst potions.
  1507 | D:2      | 1507 ||| DRINKING 3 potions of curing.
  1507 | D:2      | 1507 ||| (to cure confusion)
  1508 | D:2      | 1508 ||| DROPPING potion of ambrosia.
  1532 | D:3      | 1532 ||| INVOKING Spit Poison.
  1538 | D:3      | 1538 ||| INVOKING Spit Poison.
  1558 | D:3      | 1558 ||| INVOKING Spit Poison.
  1621 | D:3      | 1621 ||| INVOKING Spit Poison.
  1630 | D:3      | 1630 ||| INVOKING Spit Poison.
  1634 | D:3      | 1634 ||| INVOKING Spit Poison.
  1737 | D:3      | Noticed Grinder
  1745 | D:3      | HP: 10/40 [Grinder (6)]
  1746 | D:3      | 1746 ||| READING scroll of teleportation.
  1748 | D:3      | Slain by Grinder

Levels and vault maps discovered:
D:1:      nzn_arrival_depleted_hourglass, layout_basic,
          dreamdust_ecumenical_altar_statues, minmay_pentomino_r2
D:2:      layout_basic
D:3:      layout_rooms, palyth_stone_intersect, goddamned_bats, uniq_grinder

Skill      XL: |  1  2  3 |
---------------+----------+-----
Ranged Weapons | 4 5 |  5.0
Fighting       | |  2.6
Dodging        | |  1.5
Stealth        | |  1.5

Action                     |  1- 3 |  4- 6 || total
---------------------------+-------+-------++-------
   Fire: Shortbow          |    73 |    24 ||    97
Ability: Spit Poison       |    27 |     6 ||    33
    Use: Scroll            |     2 |     5 ||     7
         Potion            |     1 |     2 ||     3
 Armour: Leather armour    |     1 |     2 ||     3
  Dodge: Dodged            |    13 |     7 ||    20

Table legend:
 A = Non-vault XP
 B = Vault XP
 C = Vault XP percentage of total XP
 D = Non-vault monster count
 E = Vault monster count
 F = Vault count percentage of total count
                 A         B        C        D         E       F
            +---------+---------+-------+---------+---------+-------
      Total |     112 |       3 |   2.6 |      54 |       2 |   3.6
            +---------+---------+-------+---------+---------+-------
        D:1 |      45 |       3 |   6.2 |      28 |       2 |   6.7
        D:2 |      37 |       0 |   0.0 |      15 |       0 |   0.0
        D:3 |      30 |       0 |   0.0 |      11 |       0 |   0.0
            +---------+---------+-------+---------+---------+-------
